Unix NetHack Version 5.0.0-0 post-release - last build May 31 2026 23:59:36 (970b52f25bf058293b47ddfd14a1e40e571c508c,branch:main).

Game began 2026-06-09 01:04:23, ended 2026-06-09 01:15:23.

Jobair, lawful female dwarven Archeologist

                                                           -------
                  #######       ----------------   ########......|
         -----    #-----########...............|   #       |.....|
         |.(.-#####-...| ###### |............>.-####       |.....|
         |...|    #|>..| #    ##....{..........|          #......|
         |...+0####|....##     #--.-------------       ####--.----
         |...|     -----#                              #     ##
         |...|                                         #      #
         |...|                                         #      ###
         ---.-                                         #        #
            ##                                         #        #
             #                                         #        ##
             #                              -.-----   ##         ###
             ##                             |.{.(.| ###        ----|----
          #   #                             |.....| #          |.......|
      ----|---.--                           |.....| #          |%!=.[[)|
      |....(....|                           |.....@d#          |!!!!+!=|
      |.....<...|                           |....:|            ---------
      -----------                           -------

Jobair the Field Worker    St:11 Dx:9 Co:14 In:16 Wi:14 Ch:11  Lawful
Dlvl:4  $:128 HP:0(27) Pw:6(6) AC:8  Xp:3 T:1742  Burdened

Latest messages:
 The iguana bites!
 You miss the iguana.
 You hit the iguana.
 You miss the iguana.
 You miss the iguana.
 You hit the iguana.
 The iguana bites!
 You miss the iguana.
 The iguana bites!
 The iguana bites!
 You miss the iguana.
 The iguana bites!
 You miss the iguana.
 The iguana bites!
 You miss the iguana.
 The iguana bites!
 The iguana just misses!
 You hit the iguana.
 You hit the iguana.
 The iguana bites!
 You miss the iguana.
 The iguana bites!
 You miss the iguana.
 You miss the iguana.
 You miss the iguana.
 You miss the iguana.
 The iguana bites!
 You miss the iguana.
 The iguana bites!
 You stop.  Godzilla is in the way!
 The iguana bites!
 You stop.  Godzilla is in the way!
 You stop.  Godzilla is in the way!
 You swap places with Godzilla.
 You swap places with Godzilla.
 Godzilla misses the iguana.
 Godzilla misses the iguana.
 Godzilla misses the iguana.
 Godzilla bites the iguana.
 Godzilla misses the iguana.
 The iguana bites!
 The iguana bites!
 You stop.  Godzilla is in the way!
 The iguana bites!
 You die...
 Do you want your possessions identified? [ynq] (y) y
 Do you want to see your attributes? [ynq] (y) y
 Do you want an account of creatures vanquished? [ynaq] (y) y
 Do you want to see your conduct and achievements? [ynq] (y) y
 Do you want to see the dungeon overview? [ynq] (y) y

Inventory:
 Coins    ('$')
  $ - 128 gold pieces
 Amulets  ('"')
  x - a cursed amulet of change
 Weapons  (')')
  D - a +0 orcish dagger
  C - a +0 aklys (alternate weapon; not wielded)
  a - a +2 bullwhip
  u - a +0 short sword (weapon in right hand)
 Armor    ('[')
  c - an uncursed +0 fedora
  E - an uncursed +0 orcish helm (being worn)
  h - an uncursed +0 leather jacket (being worn)
 Comestibles  ('%')
  v - an uncursed apple
  d - 6 uncursed food rations
  I - an uncursed tripe ration
 Scrolls  ('?')
  G - an uncursed scroll of amnesia
  H - a blessed scroll of enchant weapon
  J - a cursed scroll of enchant weapon
  B - a blessed scroll of gold detection
  A - an uncursed scroll of punishment
  w - an uncursed scroll of teleportation
 Potions  ('!')
  m - an uncursed potion of confusion
  o - 4 uncursed potions of healing
  p - 2 cursed potions of healing
  K - a cursed potion of object detection
  F - 2 uncursed potions of see invisible
  z - a cursed potion of speed
 Tools    ('(')
  b - an uncursed sack containing 1 item
  i - a magic marker (0:20)
  l - an uncursed skeleton key
  n - an uncursed skeleton key
  f - a tinning kit (0:99)
 Gems/Stones  ('*')
  k - an uncursed worthless piece of black glass
  j - a cursed worthless piece of orange glass
  y - 2 uncursed worthless pieces of red glass
  q - 2 uncursed worthless pieces of white glass
  g - an uncursed touchstone

Contents of the sack:
  a +0 pick-axe

Jobair the Archeologist's attributes:

Background:
 You were a Field Worker, a level 3 female dwarven Archeologist.
 You were lawful, nominally on a mission for Quetzalcoatl
 who was opposed by Camaxtli (neutral) and Huhetotl (chaotic).
 You were right-handed.
 You were in the Dungeons of Doom, on level 4.
 You entered the dungeon 1742 turns ago.
 It was nighttime.
 You had 47 experience points, 33 more were needed to attain level 4.

Basics:
 You had 0 out of 27 hit points.
 You had all 6 energy points (spell power).
 Your armor class was 8.
 Your wallet contained 128 zorkmids.
 Autopickup was off.

Final Characteristics:
 Your strength was 11 (limit:18/100).
 Your dexterity was 9 (limit:20).
 Your constitution was 14 (limit:20).
 Your intelligence was 16 (limit:16).
 Your wisdom was 14 (limit:16).
 Your charisma was 11 (limit:16).

Final Status:
 You weren't hungry.
 You were burdened; movement was slightly slowed.
 You were wielding a short sword.
 You were unskilled in short sword.

Final Attributes:
 You were devoutly aligned.
 You had automatic searching.
 You had infravision.
 You are dead.

Miscellaneous:
 You didn't encounter any bones levels.
 Total elapsed playing time was 10 minutes and 58 seconds.

Major events:
 Turn
    1: Jobair the lawful female dwarven Archeologist entered the dungeon
  884: attained the rank of Field Worker (level 3)
 1742: killed by an iguana

You didn't know any spells.

Skills:
 Fighting Skills
   bare handed combat [Unskilled]
   two weapon combat  [Unskilled]
   riding             [Unskilled]
 Weapon Skills
   dagger             [Unskilled]
   knife              [Unskilled]
   pick-axe           [Basic]
   short sword        [Unskilled]
   saber              [Unskilled]
   club               [Unskilled]
   quarterstaff       [Unskilled]
   sling              [Unskilled]
   dart               [Unskilled]
   boomerang          [Unskilled]
   whip               [Basic]
   unicorn horn       [Unskilled]
 Spellcasting Skills
   attack spells      [Unskilled]
   healing spells     [Unskilled]
   divination spells  [Unskilled]
   matter spells      [Unskilled]

Voluntary challenges:
 Character rerolling was not enabled.
 You were an atheist.
 You never genocided any monsters.
 You never polymorphed an object.
 You never changed form.
 You used no wishes.
Achievements:
 You attained the rank of Field Worker.
 You entered a shop.

 The Dungeons of Doom: levels 1 to 4
    Level 1:
       Some fountains, a sink.
    Level 2:
    Level 3:
    Level 4: <- You were here.
       A general store, some fountains.
       Final resting place for
          you, killed by an iguana.


Vanquished creatures:
  a hobbit
  a gnome
  4 geckos
  4 jackals
  3 foxes
  2 goblins
  2 grid bugs
  a bat
  3 lichens
  3 newts
24 creatures vanquished.

No species were genocided or became extinct.

Game over:
                       ----------
                      /          \
                     /    REST    \
                    /      IN      \
                   /     PEACE      \
                  /                  \
                  |      Jobair      |
                  |      128 Au      |
                  |   killed by an   |
                  |      iguana      |
                  |                  |
                  |                  |
                  |       2026       |
                 *|     *  *  *      | *
        _________)/\\_//(\/(/\)/\//\/|_)_______

Goodbye Jobair the Archeologist...

You died in The Dungeons of Doom on dungeon level 4 with 454 points,
and 128 pieces of gold, after 1742 moves.
You were level 3 with a maximum of 27 hit points when you died.

